2590 views
Uploaded 2019-12-01 20:57:57
Game version 1.32.0.2 / 1.32.0.2.1
30:35 long 3on3 ladder game on (6)GnollWood
Saved by iggythefisk
2590 views
Uploaded 2019-12-01 20:57:57
Game version 1.32.0.2 / 1.32.0.2.1
30:35 long 3on3 ladder game on (6)GnollWood


115 units @ 23.4k
/ 4.9k
60 buildings @ 8k
/ 3.4k


| Scroll of Regeneration | 3 | 300 |
| Potion of Healing | 2 | 300 |
| Scroll of Town Portal | 1 | 350 |
| total: | 6 | 950g |
| Peasant | 8 | 600 | / | 0 |
| Footman | 5 | 675 | / | 0 |
| Rifleman | 20 | 4100 | / | 600 |
| Mortar Team | 10 | 1800 | / | 700 |
| Knight | 7 | 1715 | / | 420 |
| Gryphon Rider | 3 | 840 | / | 210 |
| Forest Troll Shadow Priest | 1 | 195 | / | 10 |
| total: | 54 | 9925g | / | 1940w |
| Scout Tower | 2 | 60 | / | 40 |
| Arcane Tower | 1 | 70 | / | 50 |
| Altar of Kings | 1 | 180 | / | 50 |
| Farm | 12 | 960 | / | 240 |
| Barracks | 1 | 160 | / | 60 |
| Blacksmith | 1 | 140 | / | 60 |
| Arcane Vault | 1 | 130 | / | 30 |
| Lumber Mill | 1 | 120 | / | 0 |
| Workshop | 2 | 280 | / | 280 |
| Gryphon Aviary | 1 | 140 | / | 150 |
| Keep | 1 | 320 | / | 210 |
| Castle | 1 | 360 | / | 210 |
| total: | 22 | 2170g | / | 910w |
| 0:04 | Altar of Kings |
| 0:07 | Peasant |
| 0:07 | Peasant |
| 0:07 | Peasant |
| 0:16 | Farm |
| 0:17 | Farm |
| 0:33 | Peasant |
| 0:46 | Barracks |
| 0:55 | Farm |
| 0:57 | Farm |
| 1:05 | Peasant |
| 1:13 | Peasant |
| 1:38 | Scout Tower |
| 1:41 | Peasant |
| 1:42 | Peasant |
| 1:53 | Blacksmith |
| 1:58 | Footman |
| 2:05 | Scout Tower |
| 2:15 | Footman |
| 2:24 | Holy Light |
| 2:29 | Footman |
| 2:39 | Farm |
| 3:27 | Farm |
| 3:28 | Black Gunpowder |
| 3:29 | Rifleman |
| 3:45 | Footman |
| 3:50 | Rifleman |
| 4:26 | Arcane Vault |
| 4:28 | Rifleman |
| 4:31 | Rifleman |
| 4:40 | Arcane Tower |
| 4:46 | Farm |
| 5:01 | Studded Leather Armor |
| 5:17 | Rifleman |
| 5:31 | Lumber Mill |
| 5:36 | Scroll of Regeneration |
| 5:52 | Footman |
| 6:13 | Forest Troll Shadow Priest |
| 6:30 | Devotion Aura |
| 6:35 | Scroll of Regeneration |
| 7:13 | Keep |
| 7:19 | Farm |
| 8:58 | Rifleman |
| 8:58 | Rifleman |
| 9:47 | Farm |
| 10:26 | Rifleman |
| 10:26 | Rifleman |
| 10:27 | Long Rifles |
| 10:28 | Refined Gunpowder |
| 10:31 | Farm |
| 10:32 | Improved Lumber Harvesting |
| 10:52 | Workshop |
| 10:53 | Workshop |
| 11:00 | Rifleman |
| 11:16 | Farm |
| 11:27 | Rifleman |
| 11:33 | Storm Bolt |
| 12:00 | Farm |
| 12:02 | Mortar Team |
| 12:02 | Mortar Team |
| 12:05 | Reinforced Leather Armor |
| 12:24 | Rifleman |
| 12:36 | Mortar Team |
| 13:04 | Scroll of Town Portal |
| 13:21 | Mortar Team |
| 13:48 | Mortar Team |
| 14:02 | Mortar Team |
| 14:59 | Rifleman |
| 15:04 | Rifleman |
| 15:35 | Scroll of Regeneration |
| 15:42 | Potion of Healing |
| 15:46 | Potion of Healing |
| 16:30 | Rifleman |
| 16:33 | Rifleman |
| 19:35 | Rifleman |
| 19:36 | Rifleman |
| 19:39 | Mortar Team |
| 19:40 | Mortar Team |
| 19:43 | Castle |
| 21:33 | Rifleman |
| 21:33 | Rifleman |
| 21:35 | Mortar Team |
| 21:35 | Mortar Team |
| 22:07 | Knight |
| 22:20 | Gryphon Aviary |
| 22:58 | Animal War Training |
| 23:44 | Knight |
| 23:44 | Knight |
| 23:45 | Gryphon Rider |
| 23:51 | Storm Hammers |
| 23:58 | Iron Forged Swords |
| 24:23 | Knight |
| 25:13 | Knight |
| 25:19 | Gryphon Rider |
| 25:20 | Gryphon Rider |
| 25:42 | Knight |
| 27:24 | Knight |
| Right click | 939 |
| Select group | 609 |
| Select | 378 |
| Build/train/purchase | 88 |
| Assign group | 49 |
| Use ability | 37 |
| Minimap ping | 14 |
| Chat | 10 |
| Misc. action | 8 |
| Esc | 5 |


| Rod of Necromancy | 1 | 150 |
| Sacrificial Skull | 1 | 50 |
| Potion of Healing | 3 | 450 |
| Ritual Dagger | 1 | 125 |
| total: | 6 | 775g |
| Acolyte | 7 | 525 | / | 0 |
| Ghoul | 4 | 480 | / | 0 |
| Crypt Fiend | 4 | 860 | / | 160 |
| Obsidian Statue | 1 | 200 | / | 35 |
| Frost Wyrm | 5 | 1925 | / | 600 |
| Meat Wagon | 10 | 2300 | / | 500 |
| Necromancer | 9 | 1305 | / | 180 |
| Ogre Mauler | 1 | 300 | / | 0 |
| total: | 41 | 7895g | / | 1475w |
| Spirit Tower | 1 | 145 | / | 40 |
| Nerubian Tower | 1 | 100 | / | 20 |
| Altar of Darkness | 1 | 180 | / | 50 |
| Crypt | 1 | 200 | / | 50 |
| Ziggurat | 10 | 1500 | / | 500 |
| Graveyard | 1 | 215 | / | 0 |
| Tomb of Relics | 1 | 130 | / | 30 |
| Slaughterhouse | 1 | 140 | / | 135 |
| Sacrificial Pit | 1 | 75 | / | 150 |
| Temple of the Damned | 1 | 155 | / | 140 |
| Boneyard | 1 | 175 | / | 200 |
| Halls of the Dead | 1 | 320 | / | 210 |
| Black Citadel | 1 | 325 | / | 230 |
| total: | 18 | 2770g | / | 1255w |
| 0:06 | Acolyte |
| 0:06 | Acolyte |
| 0:16 | Altar of Darkness |
| 0:21 | Crypt |
| 0:37 | Ziggurat |
| 0:59 | Graveyard |
| 1:24 | Ghoul |
| 1:52 | Ghoul |
| 2:02 | Ziggurat |
| 2:16 | Ghoul |
| 2:20 | Ghoul |
| 2:57 | Carrion Beetles |
| 3:05 | Halls of the Dead |
| 3:09 | Crypt Fiend |
| 3:35 | Crypt Fiend |
| 3:41 | Ziggurat |
| 4:29 | Crypt Fiend |
| 4:39 | Ziggurat |
| 4:48 | Tomb of Relics |
| 6:00 | Crypt Fiend |
| 6:47 | Rod of Necromancy |
| 6:48 | Sacrificial Skull |
| 6:57 | Black Citadel |
| 7:02 | Ziggurat |
| 8:08 | Ziggurat |
| 8:09 | Ziggurat |
| 8:59 | Spiked Carapace |
| 9:48 | Acolyte |
| 9:54 | Acolyte |
| 9:54 | Acolyte |
| 9:55 | Acolyte |
| 10:11 | Potion of Healing |
| 10:30 | Spirit Tower |
| 10:31 | Nerubian Tower |
| 10:39 | Acolyte |
| 10:53 | Slaughterhouse |
| 11:01 | Sacrificial Pit |
| 12:58 | Ritual Dagger |
| 13:03 | Potion of Healing |
| 13:07 | Potion of Healing |
| 13:15 | Obsidian Statue |
| 13:50 | Boneyard |
| 14:00 | Ziggurat |
| 14:01 | Ziggurat |
| 14:08 | Ziggurat |
| 15:08 | Frost Wyrm |
| 15:12 | Frost Wyrm |
| 15:13 | Frost Wyrm |
| 15:13 | Frost Wyrm |
| 15:41 | Web |
| 16:33 | Frost Wyrm |
| 16:42 | Ogre Mauler |
| 18:20 | Sleep |
| 21:50 | Meat Wagon |
| 21:51 | Meat Wagon |
| 21:51 | Meat Wagon |
| 21:51 | Meat Wagon |
| 21:52 | Meat Wagon |
| 22:27 | Temple of the Damned |
| 23:28 | Carrion Beetles |
| 24:10 | Necromancer |
| 24:10 | Necromancer |
| 24:11 | Necromancer |
| 24:11 | Necromancer |
| 24:11 | Necromancer |
| 24:12 | Skeletal Mastery |
| 26:23 | Necromancer |
| 26:23 | Necromancer |
| 26:23 | Necromancer |
| 26:23 | Necromancer |
| 27:27 | Meat Wagon |
| 27:27 | Meat Wagon |
| 27:27 | Meat Wagon |
| 27:28 | Exhume Corpses |
| 27:28 | Meat Wagon |
| 27:29 | Meat Wagon |
| 28:46 | Necromancer Adept Training |
| Right click | 1676 |
| Select | 291 |
| Misc. action | 101 |
| Build/train/purchase | 72 |
| Select group | 24 |
| Minimap ping | 15 |
| Assign group | 12 |
| Resource trade | 11 |
| Use ability | 10 |


| Scroll of Healing | 1 | 250 |
| Boots of Speed | 2 | 500 |
| total: | 3 | 750g |
| Acolyte | 2 | 150 | / | 0 |
| Ghoul | 3 | 360 | / | 0 |
| Crypt Fiend | 4 | 860 | / | 160 |
| Frost Wyrm | 11 | 4235 | / | 1320 |
| total: | 20 | 5605g | / | 1480w |
| Spirit Tower | 2 | 290 | / | 80 |
| Nerubian Tower | 1 | 100 | / | 20 |
| Graveyard | 1 | 215 | / | 0 |
| Crypt | 1 | 200 | / | 50 |
| Ziggurat | 15 | 2250 | / | 750 |
| Altar of Darkness | 1 | 180 | / | 50 |
| Sacrificial Pit | 1 | 75 | / | 150 |
| Boneyard | 1 | 175 | / | 200 |
| Halls of the Dead | 1 | 320 | / | 210 |
| Black Citadel | 1 | 325 | / | 230 |
| total: | 20 | 3095g | / | 1200w |
| 0:29 | Graveyard |
| 0:35 | Crypt |
| 0:41 | Ziggurat |
| 0:55 | Acolyte |
| 1:09 | Acolyte |
| 1:37 | Altar of Darkness |
| 1:49 | Ghoul |
| 1:57 | Ghoul |
| 2:27 | Creature Attack |
| 2:44 | Halls of the Dead |
| 2:54 | Ghoul |
| 2:59 | Improved Creature Attack |
| 3:08 | Crypt Fiend |
| 3:19 | Ziggurat |
| 3:50 | Spiked Carapace |
| 4:02 | Boots of Speed |
| 4:52 | Crypt Fiend |
| 4:54 | Spirit Tower |
| 4:55 | Advanced Creature Attack |
| 5:17 | Black Citadel |
| 6:47 | Sacrificial Pit |
| 6:50 | Creature Carapace |
| 7:17 | Unholy Aura |
| 7:41 | Boots of Speed |
| 7:54 | Web |
| 7:58 | Crypt Fiend |
| 7:58 | Crypt Fiend |
| 8:15 | Impale |
| 8:33 | Ziggurat |
| 8:35 | Boneyard |
| 8:39 | Ziggurat |
| 8:40 | Ziggurat |
| 8:40 | Ziggurat |
| 8:41 | Ziggurat |
| 10:35 | Freezing Breath |
| 10:35 | Frost Wyrm |
| 10:39 | Improved Creature Carapace |
| 11:10 | Nerubian Tower |
| 11:10 | Spirit Tower |
| 12:36 | Death Coil |
| 12:53 | Frost Wyrm |
| 12:54 | Frost Wyrm |
| 13:47 | Advanced Creature Carapace |
| 13:50 | Frost Wyrm |
| 13:55 | Ziggurat |
| 13:57 | Ziggurat |
| 13:57 | Ziggurat |
| 13:58 | Ziggurat |
| 13:59 | Ziggurat |
| 14:04 | Ziggurat |
| 14:39 | Frost Wyrm |
| 15:26 | Frost Wyrm |
| 16:40 | Spiked Carapace |
| 18:59 | Ziggurat |
| 19:02 | Ziggurat |
| 19:51 | Frost Wyrm |
| 19:52 | Frost Wyrm |
| 19:52 | Frost Wyrm |
| 21:40 | Frost Wyrm |
| 22:08 | Scroll of Healing |
| 22:24 | Frost Wyrm |
| Right click | 1103 |
| Select | 452 |
| Select group | 346 |
| Build/train/purchase | 45 |
| Assign group | 21 |
| Use ability | 21 |
| Remove unit | 2 |
| Item give/drop | 1 |
68 units @ 6.6k
/ 0.7k
181 buildings @ 11.7k
/ 6.3k



| Scroll of Regeneration | 3 | 300 |
| Staff of Sanctuary | 3 | 750 |
| Orb of Fire | 2 | 650 |
| Staff of Teleportation | 2 | 300 |
| Boots of Speed | 2 | 500 |
| Periapt of Vitality | 2 | 650 |
| Circlet of Nobility | 1 | 175 |
| total: | 15 | 3325g |
| Peasant | 22 | 1650 | / | 0 |
| total: | 22 | 1650g | / | 0w |
| Scout Tower | 59 | 1770 | / | 1180 |
| Arcane Tower | 2 | 140 | / | 100 |
| Guard Tower | 26 | 1820 | / | 1300 |
| Altar of Kings | 1 | 180 | / | 50 |
| Farm | 5 | 400 | / | 100 |
| Lumber Mill | 1 | 120 | / | 0 |
| Arcane Vault | 2 | 260 | / | 60 |
| Town Hall | 1 | 385 | / | 205 |
| Barracks | 1 | 160 | / | 60 |
| Blacksmith | 1 | 140 | / | 60 |
| Keep | 1 | 320 | / | 210 |
| Castle | 1 | 360 | / | 210 |
| total: | 71 | 3415g | / | 1715w |
| 0:01 | Peasant |
| 0:08 | Altar of Kings |
| 0:09 | Peasant |
| 0:27 | Peasant |
| 0:32 | Farm |
| 0:34 | Peasant |
| 0:47 | Peasant |
| 1:14 | Peasant |
| 1:21 | Scout Tower |
| 1:24 | Peasant |
| 1:41 | Farm |
| 1:42 | Farm |
| 1:43 | Farm |
| 1:46 | Peasant |
| 1:48 | Arcane Tower |
| 1:50 | Lumber Mill |
| 1:52 | Peasant |
| 2:10 | Blizzard |
| 2:26 | Peasant |
| 2:42 | Peasant |
| 3:00 | Peasant |
| 3:43 | Brilliance Aura |
| 3:46 | Scout Tower |
| 3:46 | Scout Tower |
| 3:54 | Arcane Vault |
| 3:57 | Scout Tower |
| 3:57 | Scout Tower |
| 4:05 | Peasant |
| 4:07 | Improved Masonry |
| 4:09 | Arcane Tower |
| 4:14 | Guard Tower |
| 4:15 | Scout Tower |
| 4:27 | Peasant |
| 4:37 | Scroll of Regeneration |
| 4:41 | Guard Tower |
| 4:42 | Guard Tower |
| 4:42 | Guard Tower |
| 4:44 | Town Hall |
| 4:50 | Scout Tower |
| 4:51 | Scout Tower |
| 4:52 | Scout Tower |
| 4:53 | Scout Tower |
| 5:01 | Farm |
| 5:04 | Scout Tower |
| 5:06 | Scout Tower |
| 5:06 | Scout Tower |
| 5:07 | Scout Tower |
| 5:07 | Scout Tower |
| 5:25 | Guard Tower |
| 5:40 | Peasant |
| 5:43 | Peasant |
| 5:54 | Guard Tower |
| 6:00 | Peasant |
| 6:03 | Guard Tower |
| 6:56 | Guard Tower |
| 6:59 | Peasant |
| 7:03 | Peasant |
| 7:05 | Guard Tower |
| 7:07 | Scout Tower |
| 7:08 | Scout Tower |
| 7:21 | Staff of Teleportation |
| 7:27 | Keep |
| 7:28 | Scroll of Regeneration |
| 8:01 | Peasant |
| 8:05 | Guard Tower |
| 8:07 | Scout Tower |
| 8:08 | Scout Tower |
| 8:09 | Scout Tower |
| 8:09 | Scout Tower |
| 8:18 | Peasant |
| 8:22 | Scout Tower |
| 8:23 | Scout Tower |
| 8:23 | Scout Tower |
| 8:24 | Scout Tower |
| 8:37 | Blizzard |
| 9:03 | Guard Tower |
| 9:14 | Guard Tower |
| 10:04 | Guard Tower |
| 10:05 | Scout Tower |
| 10:05 | Scout Tower |
| 10:08 | Guard Tower |
| 10:37 | Castle |
| 10:40 | Scroll of Regeneration |
| 10:58 | Guard Tower |
| 11:07 | Advanced Masonry |
| 11:07 | Improved Lumber Harvesting |
| 11:18 | Scout Tower |
| 11:19 | Scout Tower |
| 11:20 | Guard Tower |
| 12:02 | Storm Bolt |
| 12:24 | Guard Tower |
| 12:34 | Arcane Vault |
| 12:42 | Scout Tower |
| 12:42 | Scout Tower |
| 12:42 | Scout Tower |
| 12:43 | Scout Tower |
| 12:59 | Imbued Masonry |
| 13:19 | Guard Tower |
| 13:24 | Peasant |
| 13:40 | Advanced Lumber Harvesting |
| 13:44 | Guard Tower |
| 13:46 | Scout Tower |
| 13:46 | Scout Tower |
| 13:59 | Boots of Speed |
| 13:59 | Staff of Teleportation |
| 14:03 | Periapt of Vitality |
| 14:07 | Holy Light |
| 14:51 | Guard Tower |
| 14:52 | Scout Tower |
| 14:52 | Scout Tower |
| 14:53 | Scout Tower |
| 15:01 | Scout Tower |
| 15:02 | Scout Tower |
| 15:33 | Staff of Sanctuary |
| 15:34 | Staff of Sanctuary |
| 15:52 | Orb of Fire |
| 15:56 | Guard Tower |
| 15:57 | Scout Tower |
| 15:58 | Scout Tower |
| 15:58 | Scout Tower |
| 15:59 | Scout Tower |
| 15:59 | Scout Tower |
| 16:11 | Orb of Fire |
| 16:15 | Guard Tower |
| 16:18 | Scout Tower |
| 16:19 | Scout Tower |
| 16:20 | Scout Tower |
| 16:24 | Boots of Speed |
| 16:25 | Periapt of Vitality |
| 16:25 | Circlet of Nobility |
| 17:46 | Brilliance Aura |
| 18:03 | Guard Tower |
| 18:05 | Scout Tower |
| 18:06 | Scout Tower |
| 18:06 | Scout Tower |
| 18:07 | Scout Tower |
| 18:10 | Staff of Sanctuary |
| 18:51 | Barracks |
| 18:52 | Blacksmith |
| 19:05 | Bash |
| 21:23 | Divine Shield |
| 22:03 | Guard Tower |
| 22:04 | Scout Tower |
| 22:04 | Scout Tower |
| 22:05 | Scout Tower |
| 22:07 | Scout Tower |
| 22:08 | Scout Tower |
| 22:08 | Scout Tower |
| 22:09 | Scout Tower |
| 22:18 | Studded Leather Armor |
| 22:19 | Animal War Training |
| 23:42 | Guard Tower |
| 28:47 | Storm Bolt |
| 28:49 | Holy Light |
| 30:18 | Blizzard |
| Right click | 2365 |
| Select | 1045 |
| Select group | 786 |
| Assign group | 292 |
| Build/train/purchase | 135 |
| Use ability | 98 |
| Resource trade | 29 |
| Minimap ping | 6 |
| Item give/drop | 2 |
| Misc. action | 1 |
iggythefisk
(30:34) : 


| Lesser Clarity Potion | 1 | 70 |
| Scroll of Regeneration | 3 | 300 |
| Staff of Sanctuary | 3 | 750 |
| Orb of Fire | 2 | 650 |
| Boots of Speed | 3 | 750 |
| Staff of Teleportation | 3 | 450 |
| Circlet of Nobility | 4 | 700 |
| Periapt of Vitality | 1 | 325 |
| Healing Salve | 3 | 300 |
| Orb of Lightning | 1 | 375 |
| total: | 24 | 4670g |
| Peasant | 18 | 1350 | / | 0 |
| Priest | 2 | 270 | / | 20 |
| total: | 20 | 1620g | / | 20w |
| Scout Tower | 59 | 1770 | / | 1180 |
| Arcane Tower | 5 | 350 | / | 250 |
| Guard Tower | 25 | 1750 | / | 1250 |
| Altar of Kings | 1 | 180 | / | 50 |
| Farm | 4 | 320 | / | 80 |
| Lumber Mill | 1 | 120 | / | 0 |
| Arcane Vault | 3 | 390 | / | 90 |
| Town Hall | 1 | 385 | / | 205 |
| Arcane Sanctum | 1 | 150 | / | 140 |
| Keep | 1 | 320 | / | 210 |
| Castle | 1 | 360 | / | 210 |
| total: | 70 | 3315g | / | 1745w |
| 0:02 | Peasant |
| 0:04 | Altar of Kings |
| 0:14 | Peasant |
| 0:19 | Farm |
| 0:31 | Peasant |
| 0:37 | Lumber Mill |
| 0:45 | Farm |
| 0:53 | Peasant |
| 1:12 | Scout Tower |
| 1:13 | Scout Tower |
| 1:15 | Peasant |
| 1:17 | Peasant |
| 1:26 | Arcane Vault |
| 1:30 | Peasant |
| 1:42 | Peasant |
| 1:55 | Arcane Tower |
| 1:58 | Peasant |
| 2:04 | Blizzard |
| 2:06 | Scout Tower |
| 2:15 | Peasant |
| 2:17 | Guard Tower |
| 2:23 | Scout Tower |
| 2:48 | Guard Tower |
| 2:49 | Scout Tower |
| 3:02 | Arcane Tower |
| 3:05 | Peasant |
| 3:05 | Peasant |
| 3:05 | Peasant |
| 3:06 | Peasant |
| 3:28 | Scout Tower |
| 3:28 | Guard Tower |
| 4:34 | Scout Tower |
| 4:35 | Scout Tower |
| 4:35 | Guard Tower |
| 4:49 | Keep |
| 4:50 | Improved Masonry |
| 4:51 | Scout Tower |
| 5:10 | Healing Salve |
| 5:10 | Healing Salve |
| 5:11 | Lesser Clarity Potion |
| 5:16 | Guard Tower |
| 5:20 | Scout Tower |
| 5:20 | Scout Tower |
| 5:57 | Brilliance Aura |
| 5:59 | Town Hall |
| 6:03 | Scout Tower |
| 6:04 | Scout Tower |
| 6:05 | Scout Tower |
| 6:05 | Scout Tower |
| 6:06 | Scout Tower |
| 6:06 | Scout Tower |
| 6:19 | Guard Tower |
| 6:20 | Guard Tower |
| 6:25 | Scout Tower |
| 6:25 | Scout Tower |
| 6:56 | Guard Tower |
| 6:57 | Scout Tower |
| 6:58 | Scout Tower |
| 7:04 | Farm |
| 7:07 | Boots of Speed |
| 7:10 | Guard Tower |
| 7:18 | Staff of Teleportation |
| 7:21 | Peasant |
| 7:25 | Peasant |
| 7:32 | Scout Tower |
| 7:57 | Guard Tower |
| 8:00 | Peasant |
| 8:26 | Guard Tower |
| 8:32 | Improved Lumber Harvesting |
| 8:33 | Advanced Masonry |
| 9:03 | Guard Tower |
| 9:04 | Scout Tower |
| 9:05 | Scout Tower |
| 9:17 | Flame Strike |
| 9:31 | Guard Tower |
| 9:32 | Peasant |
| 9:34 | Scout Tower |
| 9:35 | Scout Tower |
| 10:01 | Boots of Speed |
| 10:48 | Castle |
| 10:52 | Guard Tower |
| 10:55 | Scout Tower |
| 10:56 | Scout Tower |
| 11:00 | Arcane Vault |
| 11:11 | Staff of Teleportation |
| 11:16 | Guard Tower |
| 11:20 | Arcane Sanctum |
| 11:25 | Arcane Tower |
| 11:31 | Scout Tower |
| 11:32 | Scout Tower |
| 11:51 | Scout Tower |
| 11:52 | Scout Tower |
| 11:53 | Guard Tower |
| 12:00 | Blizzard |
| 12:04 | Scout Tower |
| 12:05 | Scout Tower |
| 12:19 | Guard Tower |
| 12:28 | Guard Tower |
| 12:35 | Arcane Tower |
| 12:37 | Magic Sentry |
| 12:40 | Scout Tower |
| 12:40 | Scout Tower |
| 12:47 | Guard Tower |
| 12:49 | Scout Tower |
| 12:50 | Scout Tower |
| 12:51 | Scout Tower |
| 12:52 | Scout Tower |
| 12:53 | Scout Tower |
| 12:54 | Scout Tower |
| 12:55 | Scout Tower |
| 13:10 | Cluster Rockets |
| 13:13 | Farm |
| 13:16 | Imbued Masonry |
| 13:16 | Advanced Lumber Harvesting |
| 13:21 | Arcane Vault |
| 13:25 | Siphon Mana |
| 13:54 | Guard Tower |
| 14:04 | Boots of Speed |
| 14:53 | Scroll of Regeneration |
| 14:55 | Staff of Sanctuary |
| 15:02 | Guard Tower |
| 15:12 | Staff of Sanctuary |
| 15:12 | Orb of Fire |
| 15:30 | Scout Tower |
| 15:30 | Scout Tower |
| 15:58 | Scout Tower |
| 15:59 | Scout Tower |
| 16:32 | Guard Tower |
| 16:40 | Orb of Lightning |
| 16:41 | Scroll of Regeneration |
| 16:45 | Scroll of Regeneration |
| 16:52 | Staff of Sanctuary |
| 17:05 | Guard Tower |
| 17:06 | Scout Tower |
| 17:38 | Guard Tower |
| 17:43 | Scout Tower |
| 17:46 | Scout Tower |
| 17:46 | Scout Tower |
| 17:59 | Orb of Fire |
| 18:54 | Healing Salve |
| 18:59 | Priest Adept Training |
| 19:01 | Priest |
| 19:10 | Staff of Teleportation |
| 19:10 | Circlet of Nobility |
| 19:46 | Guard Tower |
| 19:47 | Scout Tower |
| 19:48 | Scout Tower |
| 21:02 | Engineering Upgrade |
| 21:58 | Circlet of Nobility |
| 22:09 | Scout Tower |
| 22:10 | Scout Tower |
| 22:10 | Scout Tower |
| 22:11 | Scout Tower |
| 22:12 | Scout Tower |
| 22:12 | Scout Tower |
| 22:35 | Priest Master Training |
| 22:35 | Priest |
| 23:24 | Flame Strike |
| 24:57 | Periapt of Vitality |
| 25:36 | Circlet of Nobility |
| 25:43 | Arcane Tower |
| 26:44 | Brilliance Aura |
| 28:10 | Circlet of Nobility |
| 29:33 | Cluster Rockets |
| Right click | 2377 |
| Select group | 1388 |
| Select | 331 |
| Assign group | 274 |
| Use ability | 160 |
| Build/train/purchase | 114 |
| Misc. action | 36 |
| Chat | 33 |
| Resource trade | 20 |
| Item give/drop | 6 |
| Minimap ping | 1 |



| Healing Salve | 2 | 200 |
| Lesser Clarity Potion | 1 | 70 |
| Orb of Lightning | 3 | 1125 |
| Boots of Speed | 4 | 1000 |
| Staff of Teleportation | 3 | 450 |
| Staff of Sanctuary | 3 | 750 |
| total: | 16 | 3595g |
| Peon | 10 | 750 | / | 0 |
| Troll Batrider | 16 | 2560 | / | 640 |
| total: | 26 | 3310g | / | 640w |
| Watch Tower | 27 | 2970 | / | 2160 |
| Altar of Storms | 1 | 180 | / | 50 |
| Orc Burrow | 6 | 960 | / | 240 |
| War Mill | 1 | 205 | / | 0 |
| Voodoo Lounge | 3 | 390 | / | 90 |
| Beastiary | 2 | 290 | / | 280 |
| Stronghold | 2 | 630 | / | 380 |
| Fortress | 1 | 325 | / | 190 |
| total: | 40 | 4995g | / | 2820w |
| 0:04 | Peon |
| 0:04 | Peon |
| 0:10 | Altar of Storms |
| 0:21 | Orc Burrow |
| 0:26 | Peon |
| 0:30 | Peon |
| 0:52 | War Mill |
| 1:06 | Voodoo Lounge |
| 1:15 | Peon |
| 1:24 | Peon |
| 1:38 | Peon |
| 1:47 | Peon |
| 1:54 | Peon |
| 2:04 | Watch Tower |
| 2:09 | Wind Walk |
| 2:17 | Peon |
| 2:33 | Watch Tower |
| 2:55 | Watch Tower |
| 3:00 | Watch Tower |
| 3:26 | Healing Salve |
| 3:28 | Lesser Clarity Potion |
| 3:43 | Stronghold |
| 3:54 | Boots of Speed |
| 3:54 | Staff of Teleportation |
| 4:05 | Watch Tower |
| 4:42 | Watch Tower |
| 4:57 | Watch Tower |
| 4:59 | Watch Tower |
| 5:18 | Voodoo Lounge |
| 5:23 | Voodoo Lounge |
| 5:24 | Critical Strike |
| 5:47 | Orc Burrow |
| 5:50 | Orc Burrow |
| 6:07 | Fortress |
| 6:40 | Watch Tower |
| 6:40 | Watch Tower |
| 6:43 | Watch Tower |
| 7:52 | Watch Tower |
| 7:55 | Watch Tower |
| 8:12 | Shockwave |
| 8:13 | Healing Salve |
| 9:01 | Watch Tower |
| 9:02 | Watch Tower |
| 9:21 | Boots of Speed |
| 9:21 | Staff of Teleportation |
| 9:29 | Healing Wave |
| 10:33 | Watch Tower |
| 10:33 | Orb of Lightning |
| 10:45 | Orb of Lightning |
| 11:06 | Wind Walk |
| 11:09 | Boots of Speed |
| 11:09 | Boots of Speed |
| 11:25 | Staff of Teleportation |
| 12:24 | Watch Tower |
| 12:25 | Watch Tower |
| 12:26 | Reinforced Defenses |
| 12:29 | Beastiary |
| 12:31 | Beastiary |
| 12:59 | Steel Melee Weapons |
| 13:00 | Steel Ranged Weapons |
| 13:00 | Steel Armor |
| 13:34 | Endurance Aura |
| 13:56 | Watch Tower |
| 13:57 | Watch Tower |
| 13:57 | Watch Tower |
| 13:58 | Watch Tower |
| 14:04 | Orc Burrow |
| 14:05 | Orc Burrow |
| 14:06 | Orc Burrow |
| 15:03 | Hex |
| 15:06 | Troll Batrider |
| 15:07 | Troll Batrider |
| 15:07 | Liquid Fire |
| 15:08 | Troll Batrider |
| 15:22 | Watch Tower |
| 16:12 | Watch Tower |
| 17:16 | Staff of Sanctuary |
| 17:55 | Staff of Sanctuary |
| 18:21 | Watch Tower |
| 18:22 | Watch Tower |
| 18:22 | Watch Tower |
| 18:24 | Troll Batrider |
| 18:25 | Troll Batrider |
| 18:25 | Troll Batrider |
| 18:30 | Orb of Lightning |
| 19:24 | Staff of Sanctuary |
| 21:13 | Critical Strike |
| 21:37 | Troll Batrider |
| 22:10 | Thorium Ranged Weapons |
| 22:11 | Thorium Armor |
| 24:39 | Shockwave |
| 25:47 | Troll Batrider |
| 25:47 | Troll Batrider |
| 27:53 | Troll Batrider |
| 27:53 | Troll Batrider |
| 27:53 | Troll Batrider |
| 27:54 | Troll Batrider |
| 27:54 | Troll Batrider |
| 28:08 | Troll Batrider |
| 28:08 | Troll Batrider |
| 28:17 | Healing Wave |
| 28:51 | Endurance Aura |
| 30:17 | Critical Strike |
| Right click | 3114 |
| Select | 567 |
| Select group | 485 |
| Build/train/purchase | 129 |
| Use ability | 104 |
| Chat | 53 |
| Assign group | 16 |
| Misc. action | 10 |
| Item give/drop | 6 |
| Resource trade | 5 |
| Remove unit | 1 |
| Esc | 1 |
| Minimap ping | 1 |